Map: Dusk Towers

Players

MelloW (Nina)

  • Race: Protoss Protoss
  • League: Grandmaster

TYTY (TY) - Winner!

  • Race: Terran Terran
  • League: Diamond

Event: DreamHack ROCCAT LotV Championship

VOD

Have the link to the VOD?

Description

Time

  • Played on: Nov. 27, 2015, 9:37 a.m.
  • Length: 10:42

All games in this series

Show
View Real Time Build Order
Export as new Build Order

MelloW Protoss 

Build Orders: 1 Gate Expand, Blink Stalkers 

Get SALT Encoding   

  12  0:01  Probe (Chrono Boost)  
  13  0:11  Probe (Chrono Boost)  
  14  0:18  Pylon  
  14  0:22  Probe (Chrono Boost)  
  15  0:36  Probe (Chrono Boost), Gateway  
  16  0:47  Probe (Chrono Boost)  
  16  0:48  Assimilator  
  17  0:57  Probe (Chrono Boost)  
  18  1:08  Probe (Chrono Boost)  
  19  1:18  Nexus  
  19  1:21  Probe (Chrono Boost)  
  20  1:32  Cybernetics Core  
  20  1:33  Probe (Chrono Boost)  
  20  1:38  Assimilator  
  21  1:44  Probe (Chrono Boost)  
  22  1:47  Pylon  
  22  1:54  Probe (Chrono Boost)  
  23  2:06  Probe (Chrono Boost)  
  23  2:08  Adept (Chrono Boost), Warp Gate (Chrono Boost)  
  26  2:17  Twilight Council  
  26  2:18  Probe  
  27  2:30  Probe (Chrono Boost)  
  27  2:34  Probe (Chrono Boost)  
  29  2:43  Mothership Core (Chrono Boost)  
  31  2:45  Probe (Chrono Boost)  
  31  2:51  Blink (Chrono Boost)  
  32  2:56  Probe (Chrono Boost)  
  32  2:57  Pylon  
  33  3:01  Probe (Chrono Boost)  
  33  3:05  Probe  
  35  3:13  Probe  
  35  3:16  Probe, Gateway  
  37  3:23  Gateway  
  37  3:25  Probe  
  38  3:27  Stalker  
  38  3:28  Probe  
  41  3:37  Probe  
  41  3:39  Gateway  
  41  3:40  Probe  
  43  3:41  Gateway  
  43  3:49  Probe  
  43  3:52  Probe (Chrono Boost)  
  45  3:57  Pylon  
  46  4:02  Probe (Chrono Boost)  
  46  4:04  Probe (Chrono Boost)  
  46  4:08  Assimilator  
  46  4:09  Assimilator  
  47  4:15  Probe x2 (Chrono Boost)  
  49  4:17  Gateway  
  49  4:26  Stalker x2  
  49  4:27  Probe (Chrono Boost)  
  54  4:31  Probe (Chrono Boost)  
  55  4:39  Stalker x2, Pylon  
  59  4:47  Stalker  
  59  4:49  Pylon  
  59  4:51  Pylon  
  61  4:58  Stalker x2  
  65  5:04  Stalker x2  
  69  5:10  Stalker  
  69  5:13  Stalker  
  69  5:34  Stalker x5  
  73  5:39  Stalker  
  67  5:57  Stalker x3, Adept  
  67  5:58  Stalker  
  77  6:04  Pylon  
  77  6:05  Stalker  
  79  6:20  Adept x2  
  79  6:21  Adept  
  79  6:24  Adept x2, Pylon  
  89  6:29  Adept  
  91  6:34  Pylon  
  91  6:43  Probe  
  92  6:47  Robotics Facility  
  92  6:48  Probe  
  92  6:52  Nexus  
  93  6:55  Probe  
  93  6:56  Adept  
  93  6:58  Sentry  
  93  7:00  Probe  
  99  7:05  Adept  
  99  7:07  Probe  
  102  7:11  Forge  
  102  7:12  Probe  
  103  7:19  Sentry, Probe  
  106  7:24  Probe  
  107  7:31  Resonating Glaives, Probe  
  107  7:36  Probe  
  110  7:44  Probe, Pylon  
  110  7:47  Protoss Ground Armor Level 1 (Chrono Boost)  
  110  7:54  Pylon  
  109  8:02  Pylon  
  109  8:04  Probe  
  110  8:07  Adept x6  
  123  8:15  Robotics Bay  
  122  8:25  Assimilator x2  
  122  8:26  Observer  
  123  8:27  Adept  
  123  8:28  Adept x5  
  107  8:53  Adept x6  
  99  9:02  Gateway, Disruptor (Chrono Boost)  
  102  9:03  Gateway  
  102  9:13  Nexus  
  92  9:18  Adept x4  
  92  9:19  Sentry  
  100  9:27  Adept  
  102  9:36  Adept  
  102  9:37  Adept  
  109  9:43  Adept x3  
  111  9:58  Disruptor (Chrono Boost)  
  109  10:03  Pylon  
  109  10:10  Pylon  
  100  10:22  Adept x2  
  100  10:23  Adept x2  
  92  10:29  Pylon  
  92  10:32  Pylon  
Show
View Real Time Build Order
Export as new Build Order

TYTY Terran - Winner!

Build Orders: Reaper Expand, Bio Tank, MMM Bio 

Get SALT Encoding   

  12  0:00  SCV  
  13  0:12  SCV  
  14  0:20  Supply Depot  
  14  0:25  SCV  
  15  0:41  SCV  
  15  0:42  Barracks  
  16  0:44  Refinery  
  16  0:53  SCV  
  17  1:05  SCV  
  18  1:18  SCV  
  19  1:29  Reaper  
  19  1:30  Orbital Command  
  20  1:40  Command Center  
  20  1:50  Supply Depot  
  20  1:55  SCV  
  21  2:01  Barracks Reactor  
  21  2:08  SCV  
  22  2:20  SCV  
  22  2:21  Factory  
  23  2:32  SCV  
  24  2:40  Marine  
  24  2:41  Command Center  
  24  2:42  Marine  
  26  2:44  SCV  
  27  2:52  Orbital Command  
  27  2:56  SCV  
  27  2:57  Marine  
  29  3:00  Marine  
  29  3:05  Factory Tech Lab  
  30  3:08  SCV  
  31  3:15  Marine  
  31  3:17  Marine  
  31  3:19  SCV  
  34  3:20  SCV  
  34  3:27  Cyclone  
  38  3:32  SCV x2, Refinery  
  38  3:33  Marine  
  41  3:35  Marine  
  42  3:44  SCV x2  
  42  3:47  Supply Depot  
  44  3:51  Marine  
  44  3:53  Marine  
  46  3:56  SCV x2, Orbital Command  
  46  3:57  Barracks  
  48  4:07  Siege Tank  
  48  4:08  SCV  
  48  4:09  SCV  
  53  4:11  Marine x2  
  55  4:20  SCV  
  55  4:21  SCV  
  56  4:24  Barracks  
  56  4:26  Refinery  
  56  4:27  SCV  
  57  4:32  SCV  
  57  4:34  Marine x2  
  57  4:35  Engineering Bay  
  57  4:36  SCV  
  61  4:40  Engineering Bay  
  61  4:42  Siege Tank  
  64  4:46  Barracks Tech Lab  
  64  4:50  SCV x3  
  67  4:54  Supply Depot  
  67  4:55  Supply Depot  
  67  4:57  Marine x2  
  69  5:05  Stimpack  
  69  5:13  Terran Infantry Weapons Level 1  
  69  5:14  Orbital Command  
  69  5:16  SCV x2  
  69  5:17  Marine x2  
  69  5:27  Marine  
  69  5:28  Marine  
  67  5:33  Siege Tank  
  67  5:34  SCV x2  
  66  5:37  Marine x2  
  66  5:45  Marine x2  
  66  5:48  Bunker  
  68  5:50  SCV x2  
  68  5:55  Marine x2  
  66  6:01  SCV  
  66  6:02  SCV  
  68  6:05  Siege Tank  
  68  6:08  Marine  
  68  6:09  Marine  
  73  6:13  Marine x2  
  70  6:24  SCV x3, Barracks x2  
  73  6:26  Marine x2  
  73  6:30  Terran Infantry Armor Level 1  
  73  6:32  Marine x2  
  78  6:50  SCV x3  
  78  6:51  Supply Depot x2, Marine  
  78  6:52  Supply Depot, Marine x2  
  83  6:57  Starport  
  83  6:58  Refinery  
  83  7:01  Factory Reactor  
  82  7:02  SCV x3  
  85  7:12  Barracks Reactor, Barracks Tech Lab, Marauder x2, Marine x2  
  85  7:14  SCV  
  92  7:23  Supply Depot  
  92  7:24  Supply Depot x3, SCV  
  92  7:26  SCV  
  94  7:30  Marine  
  94  7:34  Marine, Marauder x2  
  94  7:36  Orbital Command  
  98  7:44  Marine  
  98  7:47  Marine  
  98  7:50  Medivac x2  
  98  7:51  Marine x2  
  104  7:52  Factory Reactor  
  104  7:55  Marauder, Marine  
  104  7:56  SCV x2  
  104  7:58  Marauder  
  113  8:02  Marauder  
  116  8:07  Combat Shields  
  116  8:08  SCV x2  
  117  8:13  Supply Depot x2  
  117  8:14  Marine x2  
  117  8:16  Marine x2  
  117  8:17  Marauder  
  117  8:18  Refinery  
  117  8:19  Marauder  
  125  8:20  Medivac  
  125  8:21  Refinery  
  125  8:22  Medivac  
  128  8:30  SCV x3  
  128  8:31  Widow Mine x2  
  134  8:45  SCV x2  
  134  8:48  SCV  
  114  8:50  Marauder x2, Marine x2  
  114  8:53  Medivac  
  114  8:54  Medivac  
  118  8:57  SCV  
  118  8:59  Marine x2, Marauder  
  123  9:03  Armory  
  123  9:05  Widow Mine x2  
  123  9:07  Marine  
  123  9:08  SCV x2  
  131  9:10  SCV  
  131  9:11  Marauder  
  131  9:12  Marauder  
  134  9:20  Marauder  
  134  9:21  Marine x2  
  138  9:24  Starport  
  138  9:33  Marauder x2  
  138  9:34  Medivac x2  
  138  9:36  Marine x2  
  148  9:41  Marauder  
  148  9:53  Marine x2  
  148  9:54  Marauder x2, Marine x2  
  148  9:56  Widow Mine  
  148  9:59  Widow Mine  
  157  10:06  Marauder  
  155  10:10  Marine x2  
  155  10:12  Marine x2  
  156  10:16  Marauder  
  155  10:26  Supply Depot x2  
  155  10:27  Supply Depot  
  156  10:29  Supply Depot  

Tags
 
Add a new tag
Caveats
  • Supply blocks, unpowered buildings, or Contaminate may cause inaccurate times.
  • Supply counts are checked every 10 seconds.